 Dungeon Crawl Stone Soup version 0.27.0-65-ge2af304b15 (webtiles) character file.

Game seed: 13729786211462094222

2039 DearestLeader the Reanimator (level 9, -11/70 (78) HPs)
             Began as a Deep Dwarf Necromancer on Aug 17, 2021.
             Was a Believer of Makhleb.
             Killed from afar by a steam dragon (18 damage)
             ... with a ball of steam
             ... on level 8 of the Dungeon on Aug 18, 2021.
             The game lasted 00:21:48 (7003 turns).

DearestLeader the Reanimator (DDNe)                 Turns: 7003, Time: 00:21:48

HP:   -11/70 (78)   AC: 11    Str: 11    XL:     9   Next: 4%
MP:   2/13          EV: 10    Int: 20    God:    Makhleb [**....]
Gold: 233           SH:  0    Dex: 13    Spells: 7/12 levels left

rFire    . . .     SeeInvis .   r - +0 mace (protect)
rCold    . . .     Faith    .   (no shield)
rNeg     . . .     Spirit   .   e - +0 ring mail
rPois    .         Reflect  .   o - +0 helmet
rElec    .         Harm     .   (no cloak)
rCorr    .         Rampage  .   (no gloves)
Will     +....                  (no boots)
Stlth    +.........             (no amulet)
HPRegen  0.00/turn              p - +4 ring of protection
MPRegen  0.13/turn              D - ring of flight

@: flying, heavily drained
A: damage resistance, heal wounds, sense surroundings 2, no regeneration
a: Heal Wounds, Renounce Religion, Minor Destruction


You were on level 8 of the Dungeon.
You worshipped Makhleb.
Makhleb was pleased with you.
You visited 1 branch of the dungeon, and saw 8 of its levels.
You also visited: Sewer.

You collected 233 gold pieces.

Inventory:

Hand Weapons
 f - a +0 whip of venom
 l - a +0 flail of electrocution
 r - a +0 mace of protection (weapon)
Missiles
 b - 2 atropa-tipped darts
 j - 21 poisoned darts (quivered)
Armour
 a - a +0 robe
 e - a +0 ring mail (worn)
 i - a +0 chain mail
 m - a +0 scale mail
 o - a +0 helmet (worn)
 x - a +0 plate armour
 C - a +1 plate armour of cold resistance
Magical Staves
 k - a staff of poison
 A - a staff of death
Jewellery
 p - a +4 ring of protection (left hand)
 D - a ring of flight (right hand)
Scrolls
 c - 3 scrolls of amnesia
 d - 2 scrolls of vulnerability
 g - 2 scrolls of identify
 u - a scroll of enchant weapon {unknown}
 B - 4 scrolls of teleportation
Potions
 h - 3 potions of heal wounds
 n - 2 potions of mutation {unknown}
 q - 3 potions of flight
 s - 5 potions of curing
 t - a potion of ambrosia {unknown}
 z - 2 potions of magic {unknown}
 E - 3 potions of brilliance {unknown}


   Skills:
 + Level 4.2 Fighting
 + Level 0.0 Maces & Flails
 - Level 4.0 Armour
 - Level 2.1 Dodging
 - Level 2.4 Stealth
 - Level 2.0 Spellcasting
 * Level 10.6 Necromancy
 + Level 5.7 Invocations


You had 7 spell levels left.
You knew the following spells:

 Your Spells              Type           Power      Damage    Failure   Level
a - Pain                  Necr           100%       1d9       1%          1
b - Animate Skeleton      Necr           88%        N/A       1%          1
c - Vampiric Draining     Necr           22%        2d9       1%          3

Your spell library contained the following spells:

 Spells                   Type           Power      Damage    Failure   Level
 Animate Dead             Necr           22%        N/A       4%          4
 Agony                    Necr           44%        N/A       13%         5
 Ensorcelled Hibernation  Hex/Ice        4%         N/A       47%         2
 Slow                     Hex            2%         N/A       47%         2
 Call Canine Familiar     Summ           2%         N/A       71%         3
 Confusing Touch          Hex            2%         N/A       71%         3
 Ozocubu's Armour         Ice            2%         N/A       71%         3
 Portal Projectile        Hex/Tloc       4%         N/A       71%         3
 Spider Form              Tmut/Pois      1%         N/A       71%         3
 Leda's Liquefaction      Hex/Erth       1%         N/A       98%         4
 Shadow Creatures         Summ           N/A        N/A       100%        6
 Ozocubu's Refrigeration  Ice            1%         4d5       100%        7


Dungeon Overview and Level Annotations

Branches:
Dungeon (8/15)             Temple (0/1) D:6           Sewer (visited)
   Lair: D:8-11

Altars:
Fedhas
Makhleb
Nemelex Xobeh
Okawaru
Sif Muna
Wu Jian
Xom

Shops:
D:3 [

Annotations:
D:5 1 transporter, 2 runed translucent doors, Menkaure; mora's ghost, amateur OpAE


Innate Abilities, Weirdness & Mutations

You are resistant to damage.
You can heal yourself by infusing magical energy.
You passively map the area around you.
You do not regenerate.


Message History

Aiming: Vampiric Draining (safe; 1% risk of failure)
Press: ? - help, Shift-Dir - straight line, f/p - steam dragon
Aim: a steam dragon (lightly wounded)
You draw life force from the steam dragon!
You feel life coursing into your body. The steam dragon breathes steam at you.
The ball of steam hits you!
* * * LOW HITPOINT WARNING * * *
You hear a shout!
Casting: Vampiric Draining (safe; 1% risk of failure)
Confirm with . or Enter, or press ? or * to list all spells.
Aiming: Vampiric Draining (safe; 1% risk of failure)
Press: ? - help, Shift-Dir - straight line, f/p - steam dragon
Aim: a steam dragon (steam, heavily wounded, catching its breath)
You draw life force from the steam dragon!
You feel life coursing into your body.
You are engulfed in a cloud of scalding steam.
* * * LOW HITPOINT WARNING * * *
The steam dragon barely misses you.
The steam dragon claws you but does no damage.
An orc comes into view. It is wielding a +0 hand axe.
The steam dragon closely misses you. The steam dragon barely misses you.
Casting: Vampiric Draining (safe; 1% risk of failure)
Confirm with . or Enter, or press ? or * to list all spells.
Aiming: Vampiric Draining (safe; 1% risk of failure)
Press: ? - help, Shift-Dir - straight line, f/p - steam dragon
Aim: a steam dragon (severely wounded, catching its breath)
You draw life force from the steam dragon.
You feel life coursing into your body.
An orc warrior comes into view.
It is wielding a +0 mace and wearing a +1 chain mail of poison resistance.
The steam dragon barely misses you. The steam dragon claws you.
Your ring mail prevents you from hitting the steam dragon.
The steam dragon is severely wounded.
The steam dragon closely misses you. The steam dragon claws you.
* * * LOW HITPOINT WARNING * * *
You barely miss the steam dragon.
The steam dragon is severely wounded.
The steam dragon breathes steam at you. The ball of steam hits you!!
You die...

, ,, * , < * *** *
.#.........* , *
.......... * , ,,
.....o.... , * , , *
#......... , , ,* #,
* #..o...... , ,
*##..* ........> ,
..... *#.......#* **
** *#..#..###
#@D...... ,
,,..#.....###.#..###.
, .........##(..##
,,, ............### ,
, ,............# *, ,
...........#.### *
.................# ,
..................# *
..................#


You could see a steam dragon (catching breath), an orc warrior and an orc.

Vanquished Creatures
  Sigmund (D:2)
  A steam dragon (D:6)
  A water moccasin (D:6)
  An ice beast (D:6)
  A black bear (D:7)
  A necrophage (D:4)
  A centaur (D:5)
  2 phantoms (D:6)
  A kobold brigand (Sewer)
  A scorpion (D:7)
  A wyvern skeleton (D:6)
  6 killer bees
  3 howler monkeys (D:7)
  A centaur skeleton (D:5)
  3 hounds
  3 orc priests
  Jessica (D:2)
  An iguana (D:7)
  Terence (D:2)
  3 orc wizards (D:4)
  A killer bee zombie (D:8)
  3 hound skeletons
  Robin (D:1)
  3 adders
  A white imp (D:5)
  An adder skeleton (D:4)
  A worm (D:5)
  2 dart slugs
  19 orcs
  8 ball pythons
  5 endoplasms
  5 giant cockroaches
  14 goblins
  16 hobgoblins
  6 jackals
  2 quokkas
  2 bats
  A frilled lizard (D:1)
  15 kobolds
  6 rats
146 creatures vanquished.

Vanquished Creatures (collateral kills)
  A bullfrog skeleton (D:6)
  2 kobolds
  A goblin (D:2)
  2 rats
6 creatures vanquished.

Vanquished Creatures (others)
  3 plants (D:3)
3 creatures vanquished.

Grand Total: 155 creatures vanquished

Notes
Turn   | Place    | Note
-------+----------+-------------------------------------------
     0 | D:1      | DearestLeader the Deep Dwarf Necromancer began the quest
                  | for the Orb.
     0 | D:1      | Reached XP level 1. HP: 15/15 MP: 3/3
     0 | D:1      | Upgraded the game from 0.27.0-1-g7a089689b8 to
                  | 0.27.0-65-ge2af304b15
    12 | D:1      | Learned a level 1 spell: Animate Skeleton
   376 | D:1      | Reached XP level 2. HP: 22/22 MP: 1/4
   473 | D:1      | Reached skill level 5 in Necromancy
   545 | D:1      | Found a faded altar of an unknown god.
  1365 | D:2      | Noticed Terence
  1370 | D:2      | Killed Terence
  1371 | D:2      | Reached XP level 3. HP: 25/28 MP: 0/5
  1375 | D:2      | Learned a level 3 spell: Vampiric Draining
  1482 | D:2      | Noticed Robin
  1497 | D:2      | Reached skill level 6 in Necromancy
  1514 | D:1      | Killed Robin
  1686 | D:2      | Reached XP level 4. HP: 31/36 MP: 1/6
  1772 | D:2      | Found a blossoming altar of Fedhas.
  2068 | D:2      | Noticed Jessica
  2071 | D:2      | Killed Jessica
  2073 | D:2      | Noticed Sigmund
  2112 | D:2      | Killed Sigmund
  2113 | D:2      | Reached skill level 7 in Necromancy
  2113 | D:2      | Reached XP level 5. HP: 40/42 MP: 0/8
  2113 | D:2      | Reached XP level 6. HP: 46/49 MP: 0/9
  2571 | D:3      | Found a shimmering altar of Xom.
  2576 | D:3      | Found a shimmering altar of Xom.
  2576 | D:3      | Found a shimmering altar of Xom.
  2576 | D:3      | Found a shimmering altar of Xom.
  2577 | D:3      | Found a shimmering altar of Xom.
  2580 | D:3      | Found a shimmering altar of Xom.
  2580 | D:3      | Found a shimmering altar of Xom.
  2882 | D:3      | Found Abi Puve's Antique Armour Shop.
  2903 | D:3      | Found a burning altar of Makhleb.
  2903 | D:3      | Noticed a balrug
  2916 | D:3      | Noticed a neqoxec
  2916 | D:3      | Noticed a ynoxinul
  2918 | D:3      | Became a worshipper of Makhleb the Destroyer
  3571 | D:4      | Reached skill level 1 in Fighting
  3571 | D:4      | Reached skill level 8 in Necromancy
  3602 | D:4      | Found an iron altar of Okawaru.
  3648 | D:4      | Reached XP level 7. HP: 54/57 MP: 2/10
  3651 | D:4      | Reached * piety under Makhleb
  3763 | D:4      | Reached skill level 1 in Invocations
  4170 | D:5      | Entered Level 5 of the Dungeon
  4211 | D:5      | Found a transporter.
  4213 | D:5      | Noticed a fire bat
  4213 | D:5      | Noticed a fire bat
  4222 | D:5      | Found a glowing drain.
  4231 | Sewer    | Entered a sewer
  4439 | Sewer    | Found a white marble altar of Elyvilon.
  4583 | D:5      | Noticed Menkaure
  4763 | D:5      | Reached ** piety under Makhleb
  4884 | D:5      | Found a large runed translucent door.
  4884 | D:5      | Found a large runed translucent door.
  4886 | D:5      | Noticed mora's ghost (amateur OpAE)
  5064 | D:6      | Reached skill level 9 in Necromancy
  5081 | D:6      | Found a staircase to the Ecumenical Temple.
  5106 | D:6      | Reached XP level 8. HP: 12/68 MP: 11/11
  5786 | D:6      | Reached skill level 10 in Necromancy
  5786 | D:6      | Reached skill level 5 in Invocations
  5892 | D:6      | Found an ornate altar of the Wu Jian Council.
  6673 | D:7      | Gained mutation: You passively map the area around you.
                  | [Deep Dwarf growth]
  6673 | D:7      | Reached XP level 9. HP: 54/78 MP: 3/13
  6763 | D:7      | Found a shimmering blue altar of Sif Muna.
  6779 | D:7      | Found a sparkling altar of Nemelex Xobeh.
  7003 | D:8      | Killed from afar by a steam dragon

Illustrated notes

Levels and vault maps discovered:
D:1:      dpeg_arrival_morbid_curiosity, layout_basic,
          shapermc_ecumenical_altar_mp_vishouse, st_stairs_13
D:2:      layout_loops_ring, basic_altar, uniq_sigmund, uniq_terence,
          uniq_jessica, uniq_robin
D:3:      layout_rooms, makhleb_altar_promises_db, nicolae_xom_altar_mimics,
          serial_shops, nicolae_shop_overgrown_old_shop,
          minmay_randomly_rotated_circles
D:4:      layout_cave_pools, mainiacjoe_overflow_small_starburst
D:5:      gammafunk_cloud_chamber, layout_loops_ring,
          cheibrodos_sewer_entry_drain, ebering_ghost_disaster_area, uniq_ijyb,
          uniq_menkaure
D:6:      layout_loops_cross, nicolae_wu_jian_immortal_techniques,
          minmay_temple_entry_sparse_star
D:7:      layout_loops_cross, mainiacjoe_overflow_swirl
D:8:      layout_rooms, erik_lair_orcish_takeover, ebering_ghost_disaster_area

Skill      XL: |  1  2  3  4  5  6  7  8 |
---------------+-------------------------+-----
Necromancy     | 5 6 7 8 9 10 | 10.6
Spellcasting   | 2 |  2.0
Armour         | 2 3 4 |  4.0
Fighting       | 1 2 4 |  4.2
Invocations    | 3 5 |  5.7
Dodging        | |  2.1
Stealth        | |  2.4

Action                   |  1- 3 |  4- 6 |  7- 9 || total
-------------------------+-------+-------+-------++-------
Melee: Whip              |    29 |    18 |       ||    47
       Mace              |       |   158 |   268 ||   426
Throw: Dart              |       |       |    14 ||    14
 Cast: Pain              |    48 |    13 |    21 ||    82
       Animate Skeleton  |     8 |     3 |     6 ||    17
       Vampiric Draining |     1 |    23 |    53 ||    77
  Use: Potion            |       |     1 |     1 ||     2
       Scroll            |       |       |     6 ||     6
 Stab: Distracted        |       |     2 |       ||     2
       Sleeping          |       |       |     1 ||     1
Armor: Robe              |     2 |    12 |       ||    14
       Ring mail         |       |   120 |   266 ||   386
Dodge: Dodged            |    20 |   125 |   227 ||   372
